 Dungeon Crawl Stone Soup version 0.30.0-10-gfe55d96785 (webtiles) character file.

Game seed: 4505628348885744829

79 qw the Chopper (level 4, -1/28 HPs)
             Began as a Gargoyle Cinder Acolyte on May 18, 2023.
             Was a High Priest of Ignis.
             Slain by Terence
             ... wielding a +0 trident
              (7 damage)
             ... on level 2 of the Dungeon.
             The game lasted 00:00:56 (1714 turns).

qw the Chopper (Gargoyle Cinder Acolyte)            Turns: 1714, Time: 00:00:56

Health: -1/28      AC: 21    Str: 19    XL:     4   Next: 38%
Magic:  5/5        EV:  5    Int: 15    God:    Ignis [*****.]
Gold:   55         SH:  0    Dex:  5    Spells: 5/5 levels left

rFire   + . .        Y - -1 hand axe (flame)
rCold   . . .        (no shield)
rNeg    + . .        f - +0 plate armour
rPois   inf          (no helmet)
rElec   +            (no cloak)
rCorr   .            (no gloves)
SInv    .            (no boots)
Will    .....        (no amulet) Stlth
                     (no ring)
HPRegen 0.24/turn    (no ring)
MPRegen 0.09/turn

%: no passive effects
@: fiery-armoured
A: sickness immunity, AC +3, negative energy resistance 1, electricity
resistance, torment resistance 1, petrification resistance
a: Renounce Religion, Fiery Armour, Foxfire Swarm, Rising Flame


You were on level 2 of the Dungeon.
You worshipped Ignis.
Ignis was extremely pleased with you.
You visited 1 branch of the dungeon, and saw 2 of its levels.

You collected 55 gold pieces.


Innate Abilities, Weirdness & Mutations

You are immune to sickness and miasma.
Your stone body is resilient. (AC +3)
You are immune to poison.
You resist negative energy. (rN+)
You are resistant to electric shocks. (rElec)
You are resistant to unholy torment.
You are immune to petrification.


   Skills:
 - Level 3.2 Fighting
 + Level 4.1 Axes
 - Level 2.2 Armour
 - Level 1.0 Spellcasting
 - Level 3.0 Fire Magic


You had 5 spell levels left.
You didn't know any spells.
Your spell library contained the following spells:

 Spells                   Type           Power      Damage    Failure   Level
 Scorch                   Fire           18%        2d5       99%         2

Inventory:

Hand Weapons
 Y - a -1 hand axe of flaming (weapon)
Armour
 f - a +0 plate armour (worn)
Scrolls
 c - a scroll of summoning {unknown}
 d - a scroll of fear {unknown}
Potions
 a - a potion of curing {unknown}
 b - a potion of attraction {unknown}

Dungeon Overview and Level Annotations

Branches:
Dungeon (2/15)

Altars:
Nemelex Xobeh

Annotations:
D:2 Terence


Message History

Terence hits you with a +0 trident. Terence barely misses you.
You hit Terence but do no damage. Terence hits you with a +0 trident.
You completely miss Terence. Terence hits you with a +0 trident.
Terence hits you but does no damage.
You hit Terence but do no damage. Terence hits you but does no damage.
Terence says, "Don't bother to defend, it's pointless."
Terence hits you but does no damage.
You closely miss Terence. Terence barely misses you.
You hit Terence. You burn Terence.
Terence is lightly wounded.
Terence closely misses you. Terence hits you with a +0 trident.
You hit Terence but do no damage.
Terence is lightly wounded.
Terence hits you but does no damage. Terence hits you with a +0 trident!
1710 ||| INVOKING Fiery Armour.
A protective cloak of flame settles atop you.
Terence completely misses you.
You hit Terence but do no damage.
Terence is lightly wounded.
Terence barely misses you. Terence hits you with a +0 trident.
Terence is burned by your cloak of flames.
Terence is heavily wounded.
You barely miss Terence.
Terence is heavily wounded.
Terence hits you but does no damage.
Terence is burned by your cloak of flames.
Terence is heavily wounded.
Terence hits you with a +0 trident.
Terence is burned by your cloak of flames.
Terence is heavily wounded.
You closely miss Terence.
Terence is heavily wounded.
Terence closely misses you.
You hit Terence. You burn Terence.
Terence is severely wounded.
Terence hits you with a +0 trident!
You die...

#..._..##.#.......#
##........######.##
#.....#.## #.#
###.....# #.# #######
#.# ######.#
#......## ##.......#
.......@.# #########
##......@#
###.......#
#...)....##......)..#
#####.....#..#..###.#
##.####8.#......# #.#
#..#......# #.#
#..##..##.# ##'##
#..###.##.#
##...###..# #.##.#


You could see Terence (fast).

Vanquished Creatures
  3 adders (D:2)
  3 worms (D:2)
  A dart slug (D:1)
  An orc (D:2)
  2 bats
  4 endoplasms
  3 giant cockroaches
  A goblin (D:2)
  A hobgoblin (D:1)
  4 jackals (D:2)
  A quokka (D:2)
  7 ball pythons
  4 frilled lizards
  4 kobolds
  4 rats
43 creatures vanquished.

Notes
Turn   | Place    | Note
-------+----------+-------------------------------------------
     0 | D:1      | qw the Gargoyle Cinder Acolyte began the quest for the Orb.
     0 | D:1      | Reached XP level 1. HP: 14/14 MP: 2/2
     0 | D:1      | 0 ||| qw: Version: 0.2-a-95-g916cea5
     0 | D:1      | 0 ||| qw: Game counter: 194
     0 | D:1      | 0 ||| qw: Always use a shield: true
     0 | D:1      | 0 ||| qw: God list: Okawaru
     0 | D:1      | 0 ||| qw: Allow faded altars: false
     0 | D:1      | 0 ||| qw: Do Orc after D:15 true
     0 | D:1      | 0 ||| qw: Do second Lair branch before Depths: true
     0 | D:1      | 0 ||| qw: Lair rune preference: random
     0 | D:1      | 0 ||| qw: Plans: Normal
     0 | D:1      | 0 ||| PLANNING D:1-11
    84 | D:1      | Reached skill level 3 in Axes
   211 | D:1      | 211 ||| Stepping ~*~*~tactically~*~*~ (stealth).
   216 | D:1      | Reached XP level 2. HP: 18/19 MP: 3/3
   399 | D:1      | 399 ||| Stepping ~*~*~tactically~*~*~ (stealth).
   401 | D:1      | 401 ||| Stepping ~*~*~tactically~*~*~ (stealth).
   637 | D:1      | 637 ||| Stepping ~*~*~tactically~*~*~ (hiding).
   816 | D:1      | 816 ||| UPGRADING to +0 leather armour.
   826 | D:1      | 826 ||| DROPPING +0 robe.
   827 | D:1      | 827 ||| UPGRADING to +0 plate armour.
   837 | D:1      | 837 ||| DROPPING +0 leather armour.
   838 | D:1      | 838 ||| READING scroll labelled RORIWU XI BIUD.
   839 | D:1      | 839 ||| READING scroll labelled OWUSYFRICIRR.
   861 | D:2      | 861 ||| STAIRDANCE
   899 | D:2      | Reached XP level 3. HP: 17/23 MP: 4/4
  1003 | D:2      | Reached skill level 1 in Armour
  1428 | D:2      | Reached XP level 4. HP: 15/28 MP: 5/5
  1616 | D:2      | Reached skill level 4 in Axes
  1635 | D:2      | Found a sparkling altar of Nemelex Xobeh.
  1695 | D:2      | Noticed Terence
  1710 | D:2      | 1710 ||| INVOKING Fiery Armour.
  1712 | D:2      | HP: 5/28 [Terence/+0 trident (4)]
  1714 | D:2      | Slain by Terence

Levels and vault maps discovered:
D:1:      minmay_arrival_floating_metal, layout_basic, minivault_4
D:2:      layout_loops_corners, basic_altar, minmay_splitting_lines,
          chequers_decorated_corner, uniq_terence

Skill      XL: |  1  2  3  4 |
---------------+-------------+-----
Axes           | 3 4 |  4.1
Armour         | 2 |  2.2
Fighting       | |  3.2
Spellcasting   | |  1.0
Fire Magic     | |  3.0

Action                     |  1- 3 |  4- 6 || total
---------------------------+-------+-------++-------
  Melee: Hand axe          |   138 |    37 ||   175
 Invoke: Fiery Armour      |       |     1 ||     1
    Use: Scroll            |     2 |       ||     2
 Armour: Robe              |    18 |       ||    18
         Plate armour      |    44 |    29 ||    73
  Dodge: Dodged            |    53 |    11 ||    64

Table legend:
 A = Non-vault XP
 B = Vault XP
 C = Vault XP percentage of total XP
 D = Non-vault monster count
 E = Vault monster count
 F = Vault count percentage of total count
                 A         B        C        D         E       F
            +---------+---------+-------+---------+---------+-------
      Total |     114 |       0 |   0.0 |      43 |       0 |   0.0
            +---------+---------+-------+---------+---------+-------
        D:1 |      31 |       0 |   0.0 |      20 |       0 |   0.0
        D:2 |      83 |       0 |   0.0 |      23 |       0 |   0.0
            +---------+---------+-------+---------+---------+-------
